 Dungeon Crawl Stone Soup version 0.27.0-1-g7a089689b8 (webtiles) character file.

Game seed: 7091514760528909949

6986 pkoi the Severer (level 10, -4/64 HPs)
             Began as a Minotaur Fighter on Aug 4, 2021.
             Was a Follower of the Shining One.
             Shot with an arrow by a centaur warrior (10 damage)
             ... on level 11 of the Dungeon.
             The game lasted 00:16:43 (10922 turns).

pkoi the Severer (Minotaur Fighter)                Turns: 10922, Time: 00:16:44

Health: -4/64      AC: 18    Str: 24    XL:     10   Next: 81%
Magic:  11/11      EV:  7    Int:  9    God:    the Shining One [*.....]
Gold:   468        SH: 10    Dex: 10    Spells: 9/9 levels left

rFire    . . .     SeeInvis .   a - +1 war axe (vorpal)
rCold    . . .     Faith    .   c - +0 kite shield
rNeg     + . .     Spirit   .   G - +2 chain mail {Will+}
rPois    .         Reflect  .   s - +2 hat
rElec    .         Harm     .   t - +0 cloak
rCorr    .         Rampage  .   o - +1 pair of gloves
Will     +....     Clarity  +   f - +0 pair of boots Stlth ..........Rnd*Tele +
                                (no amulet)
HPRegen  0.20/turn              g - +6 ring of intelligence
MPRegen  0.12/turn              n - ring of positive energy

@: about to teleport, glowing
A: horns 2, retaliatory headbutt, clarity, dopey 1, frail 2, teleportitis 1
a: Renounce Religion


You were on level 11 of the Dungeon.
You worshipped the Shining One.
The Shining One was aware of your devotion.
You visited 2 branches of the dungeon, and saw 12 of its levels.
You also visited: Ossuary.

You collected 468 gold pieces.

Inventory:

Hand Weapons
 a - a +1 vorpal war axe (weapon)
Missiles
 b - 3 curare-tipped darts
 i - 12 boomerangs (quivered)
 w - 34 poisoned darts
 z - 5 javelins
Armour
 c - a +0 kite shield (worn)
 f - a +0 pair of boots (worn)
 o - a +1 pair of gloves (worn)
 s - a +2 hat (worn)
 t - a +0 cloak (worn)
 G - a +2 chain mail of willpower (worn)
Jewellery
 g - a +6 ring of intelligence (left hand)
 n - a ring of positive energy (right hand)
 p - an amulet of faith
Wands
 v - a wand of mindburst (27)
 F - a wand of paralysis (8)
Scrolls
 h - 2 scrolls of silence
 k - 2 scrolls of summoning
 r - 3 scrolls of identify
 y - 3 scrolls of enchant weapon
 B - a scroll of blinking
 C - 2 scrolls of enchant armour
 D - 3 scrolls of amnesia
 E - 2 scrolls of magic mapping
Potions
 d - 3 potions of might
 e - 2 potions of brilliance
 j - 6 potions of heal wounds
 l - 3 potions of resistance
 q - 3 potions of curing
 x - a potion of ambrosia


   Skills:
 + Level 4.9 Fighting
 + Level 16.0 Axes
 + Level 4.9 Throwing
 + Level 4.9 Armour
 + Level 2.7 Dodging
 + Level 5.0 Shields
 * Level 3.9 Invocations


You had 9 spell levels left.
You didn't know any spells.
Your spell library contained the following spells:

 Spells                   Type           Power      Damage    Failure   Level
 Shock                    Conj/Air       0%         1d3       100%        1
 Summon Small Mammal      Summ           0%         N/A       100%        1
 Static Discharge         Conj/Air       0%         N/A       100%        2
 Call Canine Familiar     Summ           0%         N/A       100%        3
 Ozocubu's Armour         Ice            0%         N/A       100%        3
 Summon Guardian Golem    Hex/Summ       0%         N/A       100%        3
 Swiftness                Air            0%         N/A       100%        3
 Airstrike                Air            0%         N/A       100%        4
 Lightning Bolt           Conj/Air       0%         1d11      100%        5
 Metabolic Englaciation   Hex/Ice        0%         N/A       100%        5
 Simulacrum               Ice/Necr       0%         N/A       100%        6
 Maxwell's Capacitive Co  Air            0%         ∞         100%        8


Dungeon Overview and Level Annotations

Branches:
Dungeon (12/15)            Temple (1/1) D:5            Lair (0/6) D:8
Ossuary (visited)
    Orc: D:9-12

Altars:
Ashenzari
Cheibriados
Elyvilon
Fedhas
Gozag
Hepliaklqana
Kikubaaqudgha
Makhleb
Nemelex Xobeh
Okawaru
Qazlal
Ru
Trog
Uskayaw
Vehumet
Xom
Yredelemnul
The Shining One

Shops:
D:8 =

Portals:
Abyss: D:5

Annotations:
D:5 2 transporters, Thraspic's ghost, novice VSGl
D:6 3 runed translucent doors, bonger's ghost, novice MiFi
D:11 Fannar; Josephine


Innate Abilities, Weirdness & Mutations

You have a pair of horns on your head.
You reflexively headbutt those who attack you in melee.
You possess an exceptional clarity of mind.
You are dopey. (Int -2)
You are very frail. (-20% HP)
You are occasionally teleported next to monsters.


Message History

A wolf spider comes into view.
The wolf spider hisses angrily.
Josephine the Decaying Necromancer comes into view.
She is wielding a +0 dagger and wearing a +1 robe of the Archmagi.
Josephine shouts!
An acid dragon comes into view.
The acid dragon roars!
An eight-headed hydra comes into view.
The eight-headed hydra roars!
An orc wizard comes into view.
It is wielding a +0 dagger and carrying a wand of flame (20).
The orc wizard shouts!
An orc comes into view. It is wielding a +0 short sword.
The orc shouts!
You hear a bellow! x2
The centaur warrior wields a +0 shortbow.
The centaur warrior shoots an arrow.
The arrow hits you but does no damage.
A manticore comes into view.
Fannar the Cold-Hearted comes into view.
They are wielding a staff of cold and wearing a +1 robe of cold resistance.
The cyclops throws a large rock.
The large rock hits you!!
* * * LOW HITPOINT WARNING * * *
A wraith comes into view. x4
The orc wizard casts a spell.
The orc wizard flickers and vanishes!
Deactivating autopickup; reactivate with Ctrl-A.
Josephine moves out of view.
You hear a shout! x2
Found a piece from Xom's chessboard (15/15) and a ring mail.
As you read the scroll of teleportation, it crumbles to dust.
You feel strangely unstable.
You hear a bellow!
The eight-headed hydra bites you.
* * * LOW HITPOINT WARNING * * *
The eight-headed hydra bites you.
* * * LOW HITPOINT WARNING * * *
You block the eight-headed hydra's attack. x2
The eight-headed hydra bites you but does no damage. x2
The eight-headed hydra bites you.
* * * LOW HITPOINT WARNING * * *
You block the eight-headed hydra's attack.
The centaur warrior shoots an arrow.
The arrow hits you!
You die...
Xom bursts into laughter!

... #...W..
...##...{.
.......W.W
#....#c.
#..o.... .
#..C.H.# ...
#....D.##.....
#}....@.......
######s...#...
...e.....
........##
..D......#
............
.[.......#...
#.........#...


You could see Fannar, an eight-headed hydra, a wolf spider, a centaur warrior, a
manticore, a cyclops, 3 wraiths, an acid dragon and an orc.

Vanquished Creatures
  A two-headed ogre (D:12)
  2 cyclopes (D:12)
  An unseen horror (D:8)
  A kobold demonologist (D:12)
  2 wyverns
  4 yaks
  A steam dragon (D:7)
  2 acid dragons
  3 water moccasins (D:7)
  2 black bears
  An ogre (D:7)
  A centaur (D:7)
  3 phantoms
  A kobold brigand (D:6)
  4 scorpions
  6 bullfrogs
  5 water moccasin zombies
  9 killer bees
  9 centaur zombies
  7 bullfrog zombies
  3 hounds
  3 jellies
  2 orc priests
  A bullfrog skeleton (D:6)
  4 iguanas (D:5)
  2 orc wizards
  A scorpion zombie (D:5)
  4 killer bee zombies
  A hound zombie (D:5)
  A hound skeleton (D:5)
  14 mummies (Ossuary)
  6 adders
  3 gnolls (D:2)
  A white imp (D:6)
  2 ufetubi
  A worm (D:2)
  2 dart slugs
  21 orcs
  11 ball pythons
  5 bats
  14 endoplasms
  5 giant cockroaches
  12 goblins
  7 hobgoblins
  5 jackals
  4 kobolds
  5 quokkas
  5 frilled lizards
  5 rats
  2 spectral orcs
217 creatures vanquished.

Vanquished Creatures (others)
  A killer bee (D:7)
  23 fungi (D:8)
  42 plants (D:8)
  6 withered plants (Ossuary)
72 creatures vanquished.

Grand Total: 289 creatures vanquished

Notes
Turn   | Place    | Note
-------+----------+-------------------------------------------
     0 | D:1      | pkoi the Minotaur Fighter began the quest for the Orb.
     0 | D:1      | Reached XP level 1. HP: 19/19 MP: 0/0
   121 | D:1      | Reached skill level 3 in Axes
   192 | D:1      | Reached XP level 2. HP: 26/26 MP: 1/1
   331 | D:1      | Reached skill level 4 in Axes
   583 | D:1      | Reached XP level 3. HP: 31/31 MP: 2/2
  1082 | D:1      | Reached skill level 5 in Axes
  1083 | D:1      | Reached XP level 4. HP: 20/39 MP: 3/3
  1312 | D:2      | Reached skill level 1 in Throwing
  1758 | D:3      | Reached skill level 6 in Axes
  1802 | D:3      | Found a faded altar of an unknown god.
  1807 | D:3      | Became a worshipper of Xom of Chaos
  1813 | D:3      | XOM: potion effect (invisibility)
  1817 | D:3      | Reached XP level 5. HP: 45/45 MP: 4/4
  2166 | D:3      | XOM: silly message
  2525 | D:3      | XOM: divination: magic mapping
  2745 | D:4      | XOM: summons friendly quasit
  2749 | D:4      | Reached XP level 6. HP: 51/51 MP: 5/5
  3069 | D:4      | XOM: enchant monster (good)
  3096 | D:4      | Reached skill level 7 in Axes
  3365 | D:4      | XOM: give mutation
  3365 | D:4      | Gained mutation: You are partially covered in large bone
                  | plates. (SH +4) [Xom's grace]
  3503 | D:4      | XOM: summons 2 hostile demons
  3613 | D:5      | Entered Level 5 of the Dungeon
  3615 | D:5      | Noticed a small abomination
  3625 | D:5      | Found a staircase to the Ecumenical Temple.
  3639 | Temple   | Entered the Ecumenical Temple
  3808 | D:5      | Reached skill level 8 in Axes
  3808 | D:5      | Reached XP level 7. HP: 49/57 MP: 6/6
  3841 | D:5      | XOM: noise
  3972 | D:5      | XOM: fog
  3982 | D:5      | Reached skill level 9 in Axes
  4124 | D:5      | XOM: give mutations
  4124 | D:5      | Gained mutation: You possess an exceptional clarity of
                  | mind. [Xom's grace]
  4124 | D:5      | Gained mutation: You have a pair of large horns on your
                  | head. [Xom's grace]
  4274 | D:5      | Found a one-way gate to the infinite horrors of the Abyss.
  4285 | D:5      | Found a transporter.
  4287 | D:5      | Found a transporter.
  4397 | D:5      | XOM: enchant monster (good)
  4511 | D:5      | Found a burning altar of Makhleb.
  4565 | D:5      | XOM: noise
  4627 | D:5      | XOM: give mutation
  4627 | D:5      | Gained mutation: You are weak. (Str -2) [Xom's mischief]
  4634 | D:5      | Noticed Thraspic's ghost (novice VSGl)
  4863 | Temple   | Fell from the grace of Xom
  4863 | Temple   | Became a worshipper of Ru the Awakened
  4940 | D:6      | Reached skill level 10 in Axes
  4970 | D:6      | Reached XP level 8. HP: 64/64 MP: 7/7
  5002 | D:6      | Noticed bonger's ghost (novice MiFi)
  5006 | D:6      | Found a runed translucent gate.
  5006 | D:6      | Found a runed translucent gate.
  5006 | D:6      | Found a runed translucent gate.
  5044 | D:6      | XOM: noise
  5308 | D:6      | Found a sand-covered staircase.
  5316 | Ossuary  | Entered an ossuary
  5419 | Ossuary  | Reached skill level 11 in Axes
  5632 | Ossuary  | Reached skill level 12 in Axes
  5814 | Ossuary  | XOM: give mutations
  5814 | Ossuary  | Gained mutation: You are frail. (-10% HP) [Xom's mischief]
  5814 | Ossuary  | Gained mutation: You passively map a small area around you.
                  | [Xom's mischief]
  5814 | Ossuary  | Gained mutation: You are very frail. (-20% HP) [Xom's
                  | mischief]
  5814 | Ossuary  | Lost mutation: You are very frail. (-20% HP) [Xom's
                  | mischief]
  5984 | Ossuary  | Reached XP level 9. HP: 63/63 MP: 8/8
  6176 | D:6      | Reached skill level 13 in Axes
  7081 | Temple   | Fell from the grace of Ru
  7081 | Temple   | Became a worshipper of the Shining One
  7175 | D:7      | Reached skill level 14 in Axes
  7200 | D:6      | HP: 2/63 [killer bee (7)]
  7397 | D:6      | XOM: stat loss: -3 Int (8/11)
  7590 | D:7      | XOM: draining
  7704 | D:7      | Found a basalt altar of Yredelemnul.
  7760 | D:7      | XOM: 8-stop teleportation journey
  7913 | D:7      | XOM: give mutation
  7913 | D:7      | Gained mutation: You are dopey. (Int -2) [Xom's mischief]
  8700 | D:7      | XOM: give mutations
  8700 | D:7      | Lost mutation: You are dopey. (Int -2) [Xom's mischief]
  8700 | D:7      | Gained mutation: Your body sometimes deteriorates upon
                  | taking damage. [Xom's mischief]
  8752 | D:8      | Reached skill level 15 in Axes
  8965 | D:7      | Reached XP level 10. HP: 4/69 MP: 9/9
  8965 | D:7      | HP: 2/69 [poisoned by a water moccasin]
  9122 | D:7      | XOM: draining
  9468 | D:8      | Found an iron altar of Okawaru.
  9480 | D:8      | Reached * piety under the Shining One
  9537 | D:8      | Reached skill level 1 in Invocations
  9613 | D:8      | Reached skill level 1 in Dodging
  9654 | D:8      | Found a staircase to the Lair.
 10058 | D:8      | Found a hazy altar of Hepliaklqana.
 10175 | D:8      | Found Plog's Jewellery Boutique.
 10299 | D:8      | XOM: give mutations
 10299 | D:8      | Lost mutation: You have a pair of large horns on your head.
                  | [Xom's mischief]
 10299 | D:8      | Gained mutation: You are very frail. (-20% HP) [Xom's
                  | mischief]
 10299 | D:8      | Lost mutation: Your body sometimes deteriorates upon taking
                  | damage. [Xom's mischief]
 10299 | D:8      | Lost mutation: You passively map a small area around you.
                  | [Xom's mischief]
 10532 | D:9      | You fall into a shaft and drop 3 floors!
 10536 | D:12     | Noticed a two-headed ogre
 10538 | D:12     | Noticed a cyclops
 10546 | D:12     | Killed a two-headed ogre
 10549 | D:12     | Killed a cyclops
 10639 | D:12     | Noticed a cyclops
 10647 | D:12     | Killed a cyclops
 10648 | D:12     | Reached skill level 16 in Axes
 10663 | D:12     | Reached skill level 5 in Shields
 10717 | D:11     | XOM: give mutations
 10717 | D:11     | Lost mutation: You are partially covered in large bone
                  | plates. (SH +4) [Xom's mischief]
 10717 | D:11     | Gained mutation: You are dopey. (Int -2) [Xom's mischief]
 10717 | D:11     | Lost mutation: You are weak. (Str -2) [Xom's mischief]
 10717 | D:11     | Gained mutation: You are occasionally teleported next to
                  | monsters. [Xom's mischief]
 10906 | D:11     | Noticed a boulder beetle
 10921 | D:11     | Noticed a centaur warrior
 10921 | D:11     | Noticed a cyclops
 10921 | D:11     | Noticed a wolf spider
 10921 | D:11     | Noticed Josephine
 10921 | D:11     | Noticed an eight-headed hydra
 10921 | D:11     | Noticed a manticore
 10921 | D:11     | Noticed Fannar
 10922 | D:11     | Shot with an arrow by a centaur warrior

Illustrated notes

Levels and vault maps discovered:
D:1:      lightli_arrival_isolated_outpost, layout_basic, amethyst_killhole
D:2:      layout_rooms
D:3:      layout_basic, ebering_ecumenical_altar_abandoned,
          minmay_fractal_squares_diagonal_5
D:4:      layout_basic
D:5:      layout_loops_corners, lightli_temple_of_fire,
          minmay_temple_entry_proselytizer, gammafunk_ghost_abyssal_escape,
          nrook_pool_corridor
D:6:      layout_layer_cave, chequers_ossuary_entry_cave, gammafunk_ghost_split
D:7:      layout_cave_pods, yredelemnul_forgotten_temple_becter
D:8:      layout_cave_pods, okawaru_ov_weapons_minmay,
          nicolae_hepliaklqana_monster_ancestors, due_lair_maze_entry_diamond,
          serial_shops, nicolae_shop_competitors_out_of_business
D:9:      layout_long_grid, grunt_decor_fettered
D:11:     minmay_cut_squares, layout_loops_cross, uniq_josephine, uniq_fannar
D:12:     layout_rooms, david_orc_4, uniq_urug
Temple:   nicolae_temple_great_sept

Skill      XL: |  1  2  3  4  5  6  7  8  9 10 |
---------------+-------------------------------+-----
Axes           | 3 4 5 6 8 10 12 15 16 | 16.0
Throwing       | 1 2 4 |  4.9
Invocations    | 3 |  3.9
Fighting       | 4 |  4.9
Armour         | 4 |  4.9
Dodging        | 2 |  2.7
Shields        | 5 |  5.0

Action                   |  1- 3 |  4- 6 |  7- 9 | 10-12 || total
-------------------------+-------+-------+-------+-------++-------
Melee: War axe           |    80 |   154 |   269 |    87 ||   590
       Headbutt          |    13 |    32 |    42 |    19 ||   106
  Use: Scroll            |     1 |     5 |    11 |     2 ||    19
       Potion            |       |       |     6 |     3 ||     9
Armor: Scale mail        |    45 |    81 |   112 |       ||   238
       Chain mail        |       |       |    25 |    33 ||    58
Dodge: Dodged            |    35 |    45 |    91 |    13 ||   184
Block: Kite shield       |    52 |    94 |   264 |    44 ||   454
